 Dungeon Crawl Stone Soup version 0.32-a0-18-g89e19f1974 (webtiles) character file.

Game seed: 2402836293008793833

69 p00ps00p the Trooper (level 4, -5/32 (41) HPs)
             Began as a Hill Orc Fighter on Jan 17, 2024.
             Slain by Edmund
             ... wielding a +3 flail of draining
              (11 damage)
             ... on level 4 of the Dungeon.
             The game lasted 00:03:40 (2295 turns).

p00ps00p the Trooper (Hill Orc Fighter)             Turns: 2295, Time: 00:03:40

HP:   -5/32 (41)    AC:  7    Str: 20    XL:     4   Next: 20%
MP:   4/4           EV:  9    Int:  8    God:
Gold: 151           SH:  4    Dex: 10    Spells: 3/3 levels left

rFire   . . .        a - +0 war axe
rCold   . . .        c - +0 buckler
rNeg    . . .        b - +0 scale mail
rPois   .            (no helmet)
rElec   .            (no cloak)
rCorr   .            (no gloves)
SInv    .            (no boots)
Will    .....        (no amulet) Stlth
                     (no ring)
HPRegen 0.25/turn    (no ring)
MPRegen 0.09/turn

%: no passive effects
@: mighty, heavily drained
A: no striking features
a: no special abilities


You were on level 4 of the Dungeon.
You visited 1 branch of the dungeon, and saw 4 of its levels.

You collected 151 gold pieces.

Inventory:

Hand Weapons
 a - a +0 war axe (weapon)
Missiles
 m - 13 poisoned darts
 n - a throwing net (quivered)
Armour
 b - a +0 scale mail (worn)
 c - a +0 buckler (worn)
Jewellery
 g - a +6 ring of intelligence
 k - a ring of protection from cold
 l - the ring "Kitiwes" {rCorr MP+9 Int+3}
   (You found it on level 2 of the Dungeon)

   [ring of resist corrosion]

   Int+3:     It affects your intelligence (+3).
   MP+9:      It affects your magic capacity (+9).
   rCorr:     It protects you from acid and corrosion.
Potions
 e - a potion of magic
 f - 3 potions of heal wounds {unknown}
 h - a potion of invisibility {unknown}
 i - a potion of cancellation {unknown}
 j - a potion of degeneration {unknown}


   Skills:
 + Level 4.3 Fighting
 + Level 3.7 Axes
 + Level 3.9 Armour
 + Level 3.9 Shields


You had 3 spell levels left.
You didn't know any spells.
Your spell library contained the following spells:

 Spells                   Type           Power      Damage    Failure   Level
 Lesser Beckoning         Tloc           0%         N/A       92%         2
 Gell's Gravitas          Tloc           0%         N/A       99%         3
 Teleport Other           Tloc           0%         N/A       99%         3


Dungeon Overview and Level Annotations

Branches:
Dungeon (4/15)
 Temple: D:4-7

Altars:

Annotations:
D:4 Edmund


Message History

Done exploring.
There is a stone staircase leading down here.
You climb downwards.
Found 7 gold pieces.
There is a stone staircase leading up here.
You now have 151 gold pieces (gained 7).
Found 6 stones.
Edmund the Younger comes into view.
He is wielding a +3 flail of draining.
Edmund shouts!
Edmund is nearby!
Edmund is nearby!
You feel very mighty all of a sudden.
You closely miss Edmund.
Edmund hits you with a +3 flail of draining.
You feel drained.
You barely miss Edmund. Edmund barely misses you.
You barely miss Edmund. Edmund hits you but does no damage.
You feel drained.
You barely miss Edmund. You block Edmund's attack. Edmund closely misses you.
You slash Edmund!
Edmund is moderately wounded.
Edmund hits you with a +3 flail of draining!
You feel drained.
You slash Edmund!
Edmund is severely wounded.
Edmund hits you with a +3 flail of draining!
You feel drained.
You closely miss Edmund.
Edmund is severely wounded.
Edmund hits you with a +3 flail of draining.
You feel drained.
* * * LOW HITPOINT WARNING * * *
Edmund hits you with a +3 flail of draining.
* * * LOW HITPOINT WARNING * * *
You feel drained.
* * * LOW HITPOINT WARNING * * *
You completely miss Edmund.
Edmund is severely wounded.
Edmund hits you with a +3 flail of draining!
You die...
Edmund says, "That'll show my brother!"

.... #....# #.... ..#
#....# #.... ..#
#.... #.... .(. ...#
##.... #.# ...#####
#..... #.# ##.......
#.....###.#
###.......#
##....#.###......#
#..@@.......##...#
#............####..##
. #....###.....#
#...# . .... #.....#
##..##.. .##
#...##.####...#..
......#...........
.......#...........
#.........###......
.###. .### ##<...#


You could see Edmund.

Vanquished Creatures
  3 ribbon worms (D:2)
  4 dart slugs
  2 giant cockroaches
  8 goblins
  3 hobgoblins
  4 kobolds
  4 quokkas
  7 ball pythons
  10 bats
  2 frilled lizards (D:3)
  6 rats
53 creatures vanquished.

Notes
Turn   | Place    | Note
-------+----------+-------------------------------------------
     0 | D:1      | p00ps00p the Hill Orc Fighter began the quest for the Orb.
     0 | D:1      | Reached XP level 1. HP: 19/19 MP: 1/1
    84 | D:1      | Reached XP level 2. HP: 27/27 MP: 2/2
   257 | D:1      | Reached skill level 4 in Fighting
   531 | D:2      | Reached XP level 3. HP: 33/33 MP: 3/3
  1027 | D:2      | Identified the ring "Kitiwes" {rCorr MP+9 Int+3}
  1301 | D:3      | Reached XP level 4. HP: 40/40 MP: 4/4
  2284 | D:4      | Noticed Edmund
  2295 | D:4      | Slain by Edmund

Illustrated notes

Levels and vault maps discovered:
D:1:      shiori_shiawase, layout_rooms, interstate_on_off
D:2:      minmay_evil_eye, layout_basic, minmay_tromino_v4_a
D:3:      layout_loops_corners
D:4:      layout_layer_cave, mainiacjoe_overflow_small_starburst,
          mainiacjoe_overflow_alcove_3, serial_library_regret_index_split_case,
          hangedman_decor_push, kennysheep_generic_room_11, uniq_sigmund,
          uniq_edmund, uniq_robin

Skill      XL: |  1  2 |
---------------+-------+-----
Axes           | 3 |  3.7
Fighting       | 4 |  4.3
Armour         | |  3.9
Shields        | |  3.9

Action                     |  1- 3 |  4- 6 || total
---------------------------+-------+-------++-------
  Melee: War axe           |   129 |    49 ||   178
    Use: Scroll            |     2 |     2 ||     4
         Potion            |       |     1 ||     1
 Armour: Scale mail        |    77 |    41 ||   118
  Dodge: Dodged            |    63 |    18 ||    81
  Block: Buckler           |    34 |     7 ||    41

Table legend: (Time is in decaauts)
 A = Elapsed time spent in this place.
 B = Non-inter-level travel time spent in this place.
 C = Inter-level travel time spent in this place.
 D = Time resting spent in this place.
 E = Time spent auto-exploring this place.
 F = Levels seen in this place.
 G = Mean time per level.
                   A        B        C        D        E       F      G
               +--------+--------+--------+--------+--------+-----+--------+
         Total |   2359 |   2210 |    149 |      0 |   1744 |   4 |  589.8 |
       Dungeon |   2359 |   2210 |    149 |      0 |   1744 |   4 |  589.8 |
               +--------+--------+--------+--------+--------+-----+--------+

Top non-repeatable levels by time:
     D:3: 1069 daAuts
     D:2: 689 daAuts
     D:1: 565 daAuts
     D:4: 35 daAuts
